 Dungeon Crawl Stone Soup version 0.28.0-43-g3370ac3207 (webtiles) character file.

Game seed: 11409537102004472542

4893 Cykl0x the Geomancer (level 10, -2/52 HPs)
             Began as a Gargoyle Earth Elementalist on Mar 19, 2022.
             Was a Believer of Vehumet.
             Slain by a yak (9 damage)
             ... on level 8 of the Dungeon.
             The game lasted 00:17:32 (9963 turns).

Cykl0x the Geomancer (Gargoyle Earth Elementalist)  Turns: 9963, Time: 00:17:33

Health: -2/52      AC: 11    Str: 18    XL:     10   Next: 51%
Magic:  1/20       EV: 12    Int: 18    God:    Vehumet [**....]
Gold:   349        SH:  0    Dex: 13    Spells: 18/23 levels left

rFire   + . .      SeeInvis .   h - staff of earth
rCold   . . .      Faith    .   (no shield)
rNeg    + . .      Spirit   .   z - +1 leather armour of the Red Skies {Str+4 Dex+3}
rPois   ∞          Reflect  .   (no helmet)
rElec   +          Harm     .   (no cloak)
rCorr   .          Rampage  .   (no gloves)
Will    .....                   (no boots)
Stlth   ++........              (no amulet)
HPRegen 0.17/turn               u - ring of wizardry
MPRegen 0.17/turn               t - ring of protection from fire

@: no status effects
A: sickness immunity, AC +7, negative energy resistance 1, electricity
resistance, torment resistance 1, petrification resistance
a: Renounce Religion


You were on level 8 of the Dungeon.
You worshipped Vehumet.
Vehumet was pleased with you.
You visited 2 branches of the dungeon, and saw 9 of its levels.

You collected 503 gold pieces.
You spent 154 gold pieces at shops.

Inventory:

Hand Weapons
 d - a +1 dagger of holy wrath
 e - a +1 quarterstaff
Missiles
 c - 174 stones
Armour
 b - a +0 robe
 p - a +0 leather armour
 r - a +1 ring mail
 z - the +1 leather armour of the Red Skies (worn) {Str+4 Dex+3}
   (You bought it in a shop on level 6 of the Dungeon)

   Str:       It affects your strength (+4).
   Dex:       It affects your dexterity (+3).
Magical Staves
 h - a staff of earth (weapon)
Jewellery
 j - a +6 ring of intelligence
 t - a ring of protection from fire (right hand)
 u - a ring of wizardry (left hand)
 y - a ring of ice
 C - a ring of positive energy
Wands
 s - a wand of polymorph (5)
Scrolls
 a - 4 scrolls of identify
 f - a scroll of blinking
 g - a scroll of silence
 i - 3 scrolls of teleportation
 m - 3 scrolls of fear
 o - a scroll of noise
Potions
 k - a potion of ambrosia
 l - 8 potions of curing
 n - 2 potions of cancellation
 q - a potion of brilliance
 v - 5 potions of mutation
 w - a potion of invisibility
 x - 5 potions of lignification
 A - a potion of flight
 B - a potion of haste


   Skills:
 + Level 1.2 Fighting
 + Level 0.9 Staves
 + Level 4.1 Armour
 + Level 2.3 Dodging
 - Level 2.1 Stealth
 - Level 0.2 Unarmed Combat
 + Level 7.2 Spellcasting
 * Level 9.1 Conjurations
 - Level 0.7 Transmutations
 + Level 0.1 Air Magic
 + Level 9.3 Earth Magic
 * Level 4.3 Evocations


You had 18 spell levels left.
You knew the following spells:

 Your Spells              Type           Power      Damage    Failure   Level
a - Sandblast             Erth           100%       2d20      1%          1
b - Stone Arrow           Conj/Erth      100%       3d13      1%          3
c - Shock                 Conj/Air       92%        1d8       1%          1

Your spell library contained the following spells:

 Spells                   Type           Power      Damage    Failure   Level
 Scorch                   Fire           12%        2d5       8%          2
 Passwall                 Tmut/Erth      30%        N/A       1%          2
 Dazzling Flash           Conj/Hex       46%        N/A       2%          3
 Wereblood                Tmut           9%         N/A       6%          2
 Petrify                  Tmut/Erth      37%        N/A       6%          4
 Iskenderun's Mystic Bla  Conj/Tloc      23%        2d6       8%          4
 Starburst                Conj/Fire      11%        6d5       71%         6
 Summon Hydra             Summ           3%         N/A       100%        7
 Sublimation of Blood     Necr           Unusable   N/A       N/A         2

Dungeon Overview and Level Annotations

Branches:
Dungeon (8/15)             Temple (1/1) D:5
   Lair: D:8-11

Altars:
Ashenzari
Cheibriados
Dithmenos
Elyvilon
Fedhas
Gozag
Hepliaklqana
Kikubaaqudgha
Nemelex Xobeh
Okawaru
Qazlal
Ru
Sif Muna
Trog
Uskayaw
Vehumet
Wu Jian
Xom
Yredelemnul
The Shining One

Shops:
D:4 ?   D:6 [

Annotations:
D:7 2 transporters, LetschGu's ghost, novice OpDe


Innate Abilities, Weirdness & Mutations

You are immune to sickness and miasma.
Your stone body is resilient. (AC +7)
You are immune to poison.
You resist negative energy. (rN+)
You are resistant to electric shocks. (rElec)
You are resistant to unholy torment.
You are immune to petrification.


Message History

The yak gores you!
You hit the yak but do no damage.
The yak is moderately wounded.
The yak gores you!
You hit the yak.
The yak is moderately wounded.
The yak gores you!
You are too injured to fight recklessly!
You are too injured to fight recklessly!
You are too injured to fight recklessly!
You are too injured to fight recklessly!
You are too injured to fight recklessly!
You are too injured to fight recklessly!
You are too injured to fight recklessly!
You are too injured to fight recklessly!
You are too injured to fight recklessly!
You are too injured to fight recklessly!
You are too injured to fight recklessly!
You are too injured to fight recklessly!
You completely miss the yak.
The yak is moderately wounded.
The yak gores you!
* * * LOW HITPOINT WARNING * * *
You hit the yak.
The yak is heavily wounded.
The yak barely misses you. The yak gores you but does no damage.
You hit the yak.
The yak is heavily wounded.
The yak gores you.
* * * LOW HITPOINT WARNING * * *
Casting: Stone Arrow (safe; 1% risk of failure)
Confirm with . or Enter, or press ? or * to list all spells.
Aiming: Sandblast (safe; 1% risk of failure)
Press: ? - help, Shift-Dir - straight line, f/p - yak
Aim: a yak (heavily wounded, 90% to hit)
You feel a surge of power!
The blast of sand hits the yak!
The yak is almost dead.
c - 174 stones The yak gores you!
You die...

####### ......#
#####.# ....#.#
###.#.# ....#.#
######### ....#.#
#...@YY.# ......#
#.#####.# ......# #.#
.# .#....#######.# .#
..............# .#
.....##.######## .#
.....##.(....... .#
.....##.#############
.....<#.#.........#


You could see 2 yaks.

Vanquished Creatures
  Erica (D:8)
  A deep elf pyromancer (D:7)
  A hornet (D:8)
  A wraith (D:7)
  8 yaks
  A basilisk (D:8)
  Edmund (D:4)
  Menkaure (D:5)
  A water moccasin (D:5)
  A sky beast (D:6)
  An orc warrior (D:8)
  2 ogres
  A centaur (D:8)
  A phantom (D:4)
  A kobold brigand (D:7)
  2 bullfrogs (D:8)
  4 scorpions
  An electric eel (D:8)
  4 howler monkeys
  2 jellies
  2 bullfrog zombies (D:6)
  2 hounds
  An orc priest (D:8)
  A gnoll shaman (D:5)
  A bullfrog skeleton (D:6)
  A centaur skeleton (D:6)
  3 iguanas
  4 orc wizards
  2 killer bee zombies (D:5)
  7 adders
  12 gnolls
  A shadow imp (D:7)
  A white imp (D:5)
  An adder zombie (D:5)
  A worm (D:2)
  3 dart slugs
  32 orcs
  8 ball pythons
  5 bats
  3 endoplasms
  4 giant cockroaches
  3 goblins
  9 hobgoblins
  6 jackals (D:2)
  4 quokkas
  3 frilled lizards
  12 kobolds
  2 rats
170 creatures vanquished.

Notes
Turn   | Place    | Note
-------+----------+-------------------------------------------
     0 | D:1      | Cykl0x the Gargoyle Earth Elementalist began the quest for
                  | the Orb.
     0 | D:1      | Reached XP level 1. HP: 10/10 MP: 3/3
    77 | D:1      | Found a faded altar of an unknown god.
   155 | D:1      | Reached XP level 2. HP: 16/16 MP: 1/5
   859 | D:2      | Reached XP level 3. HP: 19/20 MP: 1/6
   864 | D:2      | Learned a level 3 spell: Stone Arrow
  1464 | D:2      | Reached XP level 4. HP: 24/24 MP: 0/7
  1636 | D:2      | Reached skill level 5 in Earth Magic
  2243 | D:2      | Identified 2 scrolls of acquirement
  2243 | D:2      | Acquired a staff of earth
  2245 | D:2      | Acquired a +6 ring of intelligence
  2543 | D:3      | Reached skill level 1 in Conjurations
  2800 | D:3      | Noticed a scorpion
  2842 | D:3      | Killed a scorpion
  2843 | D:3      | Reached XP level 5. HP: 13/28 MP: 1/9
  3007 | D:3      | Found a snail-covered altar of Cheibriados.
  3847 | D:4      | Noticed an ogre
  3865 | D:4      | Killed an ogre
  3866 | D:4      | Reached XP level 6. HP: 9/33 MP: 0/11
  4165 | D:4      | Noticed Edmund
  4185 | D:4      | Killed Edmund
  4609 | D:4      | Reached skill level 1 in Fighting
  4609 | D:4      | Reached XP level 7. HP: 38/38 MP: 5/13
  4756 | D:4      | Found Ijosch's Magic Scroll Boutique.
  5051 | D:5      | Entered Level 5 of the Dungeon
  5202 | D:5      | Noticed a yak
  5203 | D:5      | Noticed a yak
  5203 | D:5      | Noticed a yak
  5203 | D:5      | Noticed a yak
  5460 | D:5      | Reached skill level 1 in Armour
  5575 | D:5      | Noticed Menkaure
  5579 | D:5      | Killed Menkaure
  5580 | D:5      | Reached skill level 5 in Spellcasting
  5580 | D:5      | Reached XP level 8. HP: 43/43 MP: 8/15
  5642 | D:5      | Found an ornate altar of the Wu Jian Council.
  5753 | D:5      | Killed a yak
  5754 | D:5      | Reached skill level 5 in Conjurations
  5755 | D:5      | Noticed a yak
  5812 | D:4      | Killed a yak
  5931 | D:4      | Killed a yak
  5932 | D:4      | Reached skill level 1 in Evocations
  5995 | D:4      | Killed a yak
  6104 | D:5      | Killed a yak
  6273 | D:5      | Reached XP level 9. HP: 47/47 MP: 10/17
  6422 | D:5      | Found a staircase to the Ecumenical Temple.
  6542 | Temple   | Entered the Ecumenical Temple
  6559 | Temple   | Became a worshipper of Vehumet
  7109 | D:6      | Found Rutout's Antique Armour Shoppe.
  7114 | D:6      | Bought a translucent leather armour for 154 gold pieces
  7114 | D:6      | Identified the +1 leather armour of the Red Skies {Str+4
                  | Dex+3} (You bought it in a shop on level 6 of the Dungeon)
  7793 | D:7      | Found a transporter.
  7798 | D:7      | Noticed a moth of wrath
  7798 | D:7      | Noticed LetschGu's ghost (novice OpDe)
  7908 | D:7      | Found a bloodstained altar of Trog.
  7935 | D:7      | Found a transporter.
  8050 | D:7      | Noticed a deep elf pyromancer
  8054 | D:7      | Killed a deep elf pyromancer
  8141 | D:7      | Found a shimmering altar of Xom.
  8162 | D:7      | Found a white marble altar of Elyvilon.
  8400 | D:7      | Reached * piety under Vehumet
  8400 | D:7      | Offered knowledge of Shock by Vehumet.
  8407 | D:7      | Learned a level 1 spell: Shock
  8946 | D:8      | Noticed a hornet
  8950 | D:8      | Killed a hornet
  8951 | D:8      | Reached XP level 10. HP: 52/52 MP: 11/20
  9104 | D:8      | Noticed Erica
  9111 | D:8      | Killed Erica
  9357 | D:8      | Reached ** piety under Vehumet
  9357 | D:8      | Offered knowledge of Scorch by Vehumet.
  9963 | D:8      | Slain by a yak

Illustrated notes

Levels and vault maps discovered:
D:1:      lightli_arrival_maybe_door_vault, layout_rooms, basic_ecumenical_altar
D:2:      layout_basic, corexii_hall_statues_l
D:3:      wander_river, layout_loops_cross, kennysheep_slug_shrine
D:4:      layout_basic, serial_shops, nicolae_shop_advertising_works
          [nicolae_subvault_shop_adworks], uniq_edmund
D:5:      layout_cave_pools, kennysheep_mini_moat, temple_fountains,
          uniq_menkaure
D:6:      layout_basic, serial_shops, shop
D:7:      layout_basic, mainiacjoe_overflow_large_starburst,
          gammafunk_ghost_wrathful_warriors, guppyfry_early_elven_hall
D:8:      layout_basic, special_room [special_room_orc], uniq_erica
Temple:   lightli_temple_of_artemis

Skill      XL: |  1  2  3  4  5  6  7  8  9 10 |
---------------+-------------------------------+-----
Earth Magic    | 4 5 6 7 8 9 |  9.3
Conjurations   | 1 2 3 4 6 7 9 |  9.1
Spellcasting   | 3 4 5 6 7 |  7.2
Fighting       | 1 |  1.2
Dodging        | 2 |  2.3
Armour         | 1 2 4 |  4.1
Evocations     | 1 3 4 |  4.3
Staves         | |  0.9
Stealth        | |  2.1
Unarmed Combat | |  0.2
Transmutations | |  0.7
Air Magic      | |  0.1

Action                   |  1- 3 |  4- 6 |  7- 9 | 10-12 || total
-------------------------+-------+-------+-------+-------++-------
Melee: Unarmed           |    15 |       |       |       ||    15
       Quarterstaff      |     7 |     6 |       |       ||    13
       Staff             |       |       |    20 |    10 ||    30
       Punch             |       |       |       |     1 ||     1
 Cast: Sandblast         |    42 |    16 |    18 |    15 ||    91
       Stone Arrow       |     6 |    40 |   101 |    30 ||   177
       Shock             |       |       |       |    20 ||    20
  Use: Scroll            |     2 |     7 |    13 |     1 ||    23
Armor: Robe              |    13 |     9 |       |       ||    22
       Ring mail         |       |       |    31 |       ||    31
       Leather armour    |       |       |     1 |     5 ||     6
Dodge: Dodged            |    29 |    15 |    35 |    15 ||    94
